 Dungeon Crawl Stone Soup version 0.28-a0-224-g76b539d98b (webtiles) character file.

Game seed: 17278879043749793331

119 Arne the Gusty (level 5, -1/29 HPs)
             Began as a Tengu Air Elementalist on Aug 21, 2021.
             Was an Initiate of Sif Muna.
             Slain by Ijyb (5 damage)
             ... on level 3 of the Dungeon.
             The game lasted 00:16:56 (1835 turns).

Arne the Gusty (Tengu Air Elementalist)             Turns: 1835, Time: 00:16:57

Health: -1/29      AC:  2    Str:  9    XL:     5   Next: 3%
Magic:  11/18      EV: 15    Int: 15    God:    Sif Muna [......]
Gold:   163        SH:  0    Dex: 15    Spells: 7/8 levels left

rFire   . . .      SeeInvis .   o - +0 trident
rCold   . . .      Faith    .   (no shield)
rNeg    . . .      Spirit   .   a - +0 robe
rPois   .          Reflect  .   (helmet restricted)
rElec   .          Harm     .   (no cloak)
rCorr   .          Rampage  .   (no gloves)
Will    +....                   (boots unavailable)
Stlth   ++........              (no amulet)
HPRegen 0.09/turn               j - ring of willpower
MPRegen 0.16/turn               q - ring of magical power

@: flying quickly and evasively, quick
A: beak, talons 3, nimble flight
a: Renounce Religion


You were on level 3 of the Dungeon.
You worshipped Sif Muna.
Sif Muna was noncommittal.
You visited 1 branch of the dungeon, and saw 3 of its levels.

You collected 163 gold pieces.

Inventory:

Hand Weapons
 c - a +0 club
 d - a +0 mace
 h - a +0 spear
 i - a +0 dagger of electrocution
 o - a +0 trident (weapon)
Armour
 a - a +0 robe (worn)
Jewellery
 j - a ring of willpower (left hand)
 q - a ring of magical power (right hand)
Scrolls
 b - a scroll of enchant weapon {unknown}
 f - a scroll of vulnerability {unknown}
 g - a scroll of teleportation {unknown}
 k - a scroll of blinking {unknown}
 m - a scroll of noise {unknown}
 p - a scroll of fear {unknown}
Potions
 e - a potion of attraction {unknown}
 l - a potion of curing {unknown}
 n - a potion of cancellation {unknown}


   Skills:
 * Level 1.5 Fighting
 * Level 3.1 Dodging
 + Level 2.6 Stealth
 + Level 2.4 Spellcasting
 + Level 2.0 Conjurations
 + Level 5.2 Air Magic


You had 7 spell levels left.
You knew the following spells:

 Your Spells              Type           Power      Damage    Failure   Level
a - Shock                 Conj/Air       48%        1d6       4%          1

Your spell library contained the following spells:

 Spells                   Type           Power      Damage    Failure   Level
 Static Discharge         Conj/Air       12%        N/A       7%          2
 Swiftness                Air            17%        N/A       8%          3
 Airstrike                Air            8%         N/A       24%         4
 Dazzling Flash           Conj/Hex       8%         N/A       38%         3
 Silence                  Hex/Air        4%         N/A       90%         5
 Agony                    Necr           1%         N/A       99%         5


Dungeon Overview and Level Annotations

Branches:
Dungeon (3/15)

Altars:
Cheibriados
Gozag
Makhleb
Sif Muna

Annotations:
D:3 Ijyb


Innate Abilities, Weirdness & Mutations

You have a beak for a mouth.
You have claws for feet.
Your magical nature lets you fly swiftly and evasively.


Message History

Casting: Shock (safe; 4% risk of failure)
Confirm with . or Enter, or press ? or * to list all spells.
Aiming: Shock (safe; 4% risk of failure)
Press: ? - help, Shift-Dir - straight line, f - hobgoblin
Aim: a hobgoblin, quivering javelins (severely wounded, 68% to hit)
The zap hits the hobgoblin.
You kill the hobgoblin!
Sif Muna accepts your kill. Something hits you.
An orc comes into view. It is wielding a +0 dagger.
Casting: Shock (safe; 4% risk of failure)
Confirm with . or Enter, or press ? or * to list all spells.
Aiming: Shock (safe; 4% risk of failure)
Press: ? - help, Shift-Dir - straight line The zap hits the orc.
The orc is lightly wounded.
The orc shouts!
The zap hits the orc.
You kill the orc!
Sif Muna accepts your kill. Something hits you but does no damage.
Your Conjurations skill increases to level 2!
Unknown command.
Unknown command.
Casting: Shock (safe; 4% risk of failure)
Confirm with . or Enter, or press ? or * to list all spells.
You can't see any susceptible monsters within range! (Use Z to cast anyway.)
You closely miss something. Your peck misses something. Something hits you.
You hit something but do no damage. Something hits you. x2
You miss something. Your kick misses something. You peck something.
Something completely misses you.
You hit something but do no damage. You claw something. Something hits you.
You barely miss something. Your kick misses something.
Something barely misses you.
You hit something but do no damage. You claw something. Something hits you. x2
* * * LOW HITPOINT WARNING * * *
You closely miss something. Your kick misses something. Something hits you.
* * * LOW HITPOINT WARNING * * *
You closely miss something. Your kick misses something. Something hits you.
You die...

## #.# ... .
#####.#...
#....)..# #.@.#
#.{.# #...#
#####...# ########
......<.)#####
#...†...
######.......#
#....... #....(..#
#....... #........
#.......
#.......####.......


There were no monsters in sight!

Vanquished Creatures
  A hound (D:3)
  An adder (D:2)
  3 dart slugs (D:1)
  2 orcs (D:3)
  4 ball pythons
  6 bats
  6 endoplasms
  3 giant cockroaches
  3 goblins
  8 hobgoblins
  6 jackals (D:2)
  2 quokkas (D:1)
  10 frilled lizards
  9 kobolds
  A quokka skeleton (D:2)
  4 rats
69 creatures vanquished.

Notes
Turn   | Place    | Note
-------+----------+-------------------------------------------
     0 | D:1      | Arne the Tengu Air Elementalist began the quest for the
                  | Orb.
     0 | D:1      | Reached XP level 1. HP: 10/10 MP: 4/4
   239 | D:1      | Reached XP level 2. HP: 9/15 MP: 6/6
   636 | D:1      | Reached XP level 3. HP: 19/20 MP: 7/7
   807 | D:1      | Reached skill level 5 in Air Magic
  1067 | D:2      | Reached skill level 1 in Fighting
  1067 | D:2      | Reached XP level 4. HP: 5/25 MP: 0/8
  1337 | D:2      | Found a faded altar of an unknown god.
  1692 | D:3      | Found a shimmering blue altar of Sif Muna.
  1692 | D:3      | Found a snail-covered altar of Cheibriados.
  1700 | D:3      | Became a worshipper of Sif Muna the Loreminder
  1723 | D:3      | Found a burning altar of Makhleb.
  1777 | D:3      | Found an opulent altar of Gozag.
  1819 | D:3      | Noticed Ijyb
  1824 | D:3      | Gained mutation: Your magical nature lets you fly swiftly
                  | and evasively. [Tengu growth]
  1824 | D:3      | Reached XP level 5. HP: 23/29 MP: 9/9
  1835 | D:3      | Slain by Ijyb

Illustrated notes

Levels and vault maps discovered:
D:1:      dpeg_arrival_shrine, layout_basic
D:2:      layout_basic, shapermc_ecumenical_altar_venn,
          minmay_misc_feat_hallway, st_stairs_7, minmay_lizard_pond
D:3:      minmay_spotlight, layout_rooms, mainiacjoe_overflow_catwalk_spiral,
          gammafunk_temple_overflow_wave, uniq_ijyb

Skill      XL: |  1  2  3  4  5 |
---------------+----------------+-----
Air Magic      | 5 |  5.2
Fighting       | 1 |  1.5
Dodging        | 3 |  3.1
Conjurations   | 2 |  2.0
Stealth        | |  2.6
Spellcasting   | |  2.4

Action                   |  1- 3 |  4- 6 || total
-------------------------+-------+-------++-------
Melee: Mace              |    29 |       ||    29
       Unarmed           |     7 |       ||     7
       Kick              |    10 |     5 ||    15
       Peck              |     4 |     5 ||     9
       Spear             |    17 |    14 ||    31
       Trident           |       |    14 ||    14
 Cast: Shock             |    37 |    37 ||    74
 Stab: Sleeping          |     6 |       ||     6
Armor: Robe              |    10 |     5 ||    15
Dodge: Dodged            |    59 |    13 ||    72

Table legend: (Time is in decaauts)
 A = Elapsed time spent in this place.
 B = Non-inter-level travel time spent in this place.
 C = Inter-level travel time spent in this place.
 D = Time resting spent in this place.
 E = Time spent auto-exploring this place.
 F = Levels seen in this place.
 G = Mean time per level.
                   A        B        C        D        E       F      G
               +--------+--------+--------+--------+--------+-----+--------+
         Total |   1851 |   1849 |      2 |     68 |    170 |   3 |  617.0 |
       Dungeon |   1851 |   1849 |      2 |     68 |    170 |   3 |  617.0 |
               +--------+--------+--------+--------+--------+-----+--------+

Top non-repeatable levels by time:
     D:1: 958 daAuts
     D:2: 644 daAuts
     D:3: 249 daAuts
